 Seeded DCSS version 0.27-a0-1312-g5cdb2b3542 (webtiles) character file.

Game seed: 14170726513584504176 (custom seed)

2 flotson the Sneak (level 1, -3/18 HPs)
             Began as a Demonspawn Delver on June 20, 2021.
             Slain by a river rat (8 damage)
             ... in a sewer.
             The game lasted 00:00:44 (82 turns).

flotson the Sneak (Demonspawn Delver)                 Turns: 82, Time: 00:00:45

Health: -3/18      AC:  5    Str: 12    XL:     1   Next: 25%
Magic:  1/1        EV: 11    Int: 11    God:
Gold:   0          SH:  0    Dex: 14    Spells: 0/0 levels left

rFire    . . .     SeeInvis .   a - +0 hand axe
rCold    . . .     Faith    .   (no shield)
rNeg     . . .     Spirit   .   b - +0 leather armour
rPois    .         Reflect  .   h - +1 helmet
rElec    .         Harm     .   (no cloak)
rCorr    .         Rampage  .   (no gloves)
Will     .....                  (no boots)
Stlth    ++........             (no amulet)
HPRegen  0.06/turn              (no ring)
MPRegen  0.07/turn              (no ring)

@: hasted, very quick
A: no striking features
a: no special abilities


You were in a sewer.
You visited 1 branch of the dungeon, and saw 1 of its levels.
You also visited: Sewer.

Inventory:

Hand Weapons
 a - a +0 hand axe (weapon)
Armour
 b - a +0 leather armour (worn)
 h - a +1 helmet (worn)
Wands
 g - a wand of digging (3)
Scrolls
 c - a scroll of fog
 d - a scroll of magic mapping


   Skills:
 + Level 3.0 Fighting
 + Level 1.8 Axes
 + Level 0.1 Armour
 + Level 1.8 Dodging
 - Level 4.5 Stealth


You couldn't memorise any spells.
You didn't know any spells.
Your spell library was empty.

Dungeon Overview and Level Annotations

Branches:
Dungeon (5/15)              Sewer (1/1)
 Temple: D:4-7

Altars:


Message History

Your unstable footing causes you to fumble your attack.
The giant cockroach barely misses you. The orc misses you.
The river rat barely misses you. The rat bites you but does no damage.
Unknown command.
Your unstable footing causes you to fumble your attack.
The giant cockroach barely misses you. The orc closely misses you.
The river rat bites you.
* * * LOW HITPOINT WARNING * * *
As you read the scroll of fear, it crumbles to dust.
You assume a fearsome visage.
The giant cockroach looks frightened!
The river rat looks frightened!
The giant cockroach looks frightened!
The rat looks frightened!
The orc looks frightened! x2
There is a glowing drain here.
The world spins around you as you enter the gateway.
You enter a sewer! 4 rats and a river rat come into view.
Found a gate leading back out of this place.
There is an empty arch of ancient stone here.
There is a gate leading back out of this place here.
The rat bites you but does no damage.
You closely miss the rat. You completely miss the rat.
The rat barely misses you.
You hit the rat.
You kill the rat!
The helpless rat fails to defend itself.
You hit the rat.
You kill the rat!
You see here a rat corpse.
You aren't carrying any potions.
Okay, then.
You completely miss the river rat. The river rat closely misses you.
You hit the river rat but do no damage. The river rat barely misses you.
You barely miss the river rat. You hit the river rat.
The river rat is moderately wounded.
The river rat misses you.
You hit the river rat.
The river rat is heavily wounded.
The river rat bites you!
You die... ############### #@rrr∩.∩...r..≈ ###############

You could see a river rat and 2 rats.

Vanquished Creatures
  3 rats
3 creatures vanquished.

Notes
Turn   | Place    | Note
-------+----------+-------------------------------------------
     0 | D:5      | flotson the Demonspawn Delver began the quest for the Orb.
     0 | D:5      | Reached XP level 1. HP: 18/18 MP: 1/1
    36 | D:5      | Found a glowing drain.
    61 | Sewer    | Entered a sewer
    82 | Sewer    | Slain by a river rat

Illustrated notes

Levels and vault maps discovered:
D:5:      layout_rooms, portal_sewer_entry_c
Sewer:    sewer_kobolds

Action                   || total
-------------------------++-------
Melee: Hand axe          ||    19
  Use: Scroll            ||     1
       Potion            ||     1
 Stab: Sleeping          ||     1
Armor: Leather armour    ||    12
Dodge: Dodged            ||    20

Table legend: (Time is in decaauts)
 A = Elapsed time spent in this place.
 B = Non-inter-level travel time spent in this place.
 C = Inter-level travel time spent in this place.
 D = Time resting spent in this place.
 E = Time spent auto-exploring this place.
 F = Levels seen in this place.
 G = Mean time per level.
                   A        B        C        D        E       F      G
               +--------+--------+--------+--------+--------+-----+--------+
         Total |     73 |     73 |      0 |      0 |     13 |   2 |   36.5 |
       Dungeon |     57 |     57 |      0 |      0 |     13 |   1 |   57.0 |
         Sewer |     15 |     15 |      0 |      0 |      0 |   1 |   15.0 |
               +--------+--------+--------+--------+--------+-----+--------+

Top non-repeatable levels by time:
     D:5: 57 daAuts
   Sewer: 15 daAuts
